 Dungeon Crawl Stone Soup version 0.13-b1-17-g3cedf87 (webtiles) character file.

224 Kae the Ruinous (level 5, -5/28 HPs)
             Began as a Tengu Fire Elementalist on Sept 30, 2013.
             Was a Believer of Jiyva.
             Slain by Prince Ribbit (12 damage)
             ... on Level 4 of the Dungeon.
             The game lasted 00:06:16 (3477 turns).

Kae the Ruinous (Tengu Fire Elementalist)           Turns: 3477, Time: 00:06:16

HP  -5/28        AC  2     Str  8      XL: 5   Next:  9%
MP  11/11        EV 12     Int 16      God: Jiyva [**....]
Gold 99          SH  0     Dex 15      Spells:  1 memorised,  7 levels left

Res.Fire  : + . .   See Invis. : .   r - +0 quarterstaff
Res.Cold  : . . .   Warding    : .   a - +0 robe
Life Prot.: . . .   Conserve   : .   (no shield)
Res.Poison: .       Res.Corr.  : .   i - +0 cap
Res.Elec. : .       Clarity    : .   (no cloak)
Sust.Abil.: . .     Spirit.Shd : .   (no gloves)
Res.Mut.  : .       Stasis     : .   (boots unavailable)
Res.Rott. : .       Flight     : .   (no amulet)
Saprovore : . . .                    (no ring)
                                     f - ring of protection from fire {unknown}

@: slightly resistant to hostile enchantments, fairly stealthy
A: able to fly, beak, talons 3
a: Fly, Request Jelly, Jelly Paralyse, Renounce Religion


You were on level 4 of the Dungeon.
You worshipped Jiyva.
Jiyva was pleased with you.
You were not hungry.

You visited 1 branch of the dungeon, and saw 4 of its levels.

You collected 79 gold pieces.

Inventory:

Hand weapons
 r - a +0,+0 quarterstaff (weapon)
Missiles
 n - 12 darts (quivered)
Armour
 a - a +0 robe (worn)
 i - a +0 cap (worn)
Comestibles
 c - a bread ration
 q - a chunk of bat flesh
Scrolls
 d - a scroll of fog {unknown}
 e - 2 scrolls of identify {unknown}
 k - a scroll of noise {unknown}
 l - a scroll of remove curse {unknown}
 p - a scroll of teleportation
Jewellery
 f - a ring of protection from fire (left hand) {unknown}
Potions
 g - a potion of confusion {unknown}
 h - a potion of mutation {unknown}
 j - a potion of brilliance {unknown}
 m - a potion of speed {unknown}
 o - a potion of curing {unknown}
Books
 b - a book of Flames

   Spells                             Type                      Level
   *Flame Tongue                      Conjuration/Fire             1
   Throw Flame                        Conjuration/Fire             2
   Conjure Flame                      Conjuration/Fire             3
   Inner Flame                        Hexes/Fire                   3
   Sticky Flame                       Conjuration/Fire             4
   Fireball                           Conjuration/Fire             5


   Skills:
 - Level 2.1 Dodging
 - Level 2.0 Stealth
 + Level 2.3 Spellcasting
 * Level 4.7 Conjurations
 + Level 3.8 Fire Magic


You had 7 spell levels left.
You knew the following spells:

 Your Spells              Type           Power        Failure   Level  Hunger
a - Flame Tongue          Conj/Fire      ###..        4%          1    #......


Dungeon Overview and Level Annotations

Branches:
Dungeon (4/27)             Temple (0/1) D:4

Altars:
Jiyva

Annotations:
D:4 Prince Ribbit


Innate Abilities, Weirdness & Mutations

You can fly.
You have a beak for a mouth.
You have claws for feet.


Message History

There is an escape hatch in the floor here.
Prince Ribbit blinks!
The adder skeleton closely misses you.
Prince Ribbit blinks!
There is a stone staircase leading down here.
The adder skeleton barely misses you.
You hear a distant slurping noise.
Jiyva appreciates your sacrifice.
You hear a distant slurping noise.
Prince Ribbit blinks!
The adder skeleton bites you.
You miss Prince Ribbit. You claw Prince Ribbit.
Your peck passes through Prince Ribbit as he momentarily phases out.
Prince Ribbit is lightly wounded.
Prince Ribbit hits you!
Ouch! That really hurt!
* * * LOW HITPOINT WARNING * * *
The adder skeleton bites you.
* * * LOW HITPOINT WARNING * * *
Prince Ribbit hits you!
You die...

###################
..................#
################F.# #@.#
#z.# #..# #..# #..# #..#
### ###########..#########
...........................
### #####...##############


You could see Prince Ribbit and an adder skeleton.

Vanquished Creatures
  4 adders
  A gnoll (D:1)
  4 oozes (D:2)
  2 giant cockroaches
  4 goblins
  7 hobgoblins
  2 quokkas (D:2)
  8 bats
  2 giant geckos
  A giant newt (D:3)
  2 kobolds
  6 rats
43 creatures vanquished.

Vanquished Creatures (others)
  Terence (D:2)
  6 jellies
  A hound (D:4)
  A scorpion (D:3)
  A gnoll (D:4)
  A giant gecko (D:4)
  3 oozes
  An orc (D:3)
  A goblin (D:3)
  4 hobgoblins
  3 jackals (D:3)
  5 kobolds
  2 bats (D:3)
  2 giant cockroaches (D:3)
  2 giant newts
  4 rats
38 creatures vanquished.

Grand Total: 81 creatures vanquished

Notes
Turn   | Place    | Note
--------------------------------------------------------------
     0 | D:1      | Kae, the Tengu Fire Elementalist, began the quest for the Orb.
     0 | D:1      | Reached XP level 1. HP: 10/10 MP: 3/3
   396 | D:1      | Reached XP level 2. HP: 10/15 MP: 3/5
   798 | D:2      | Reached XP level 3. HP: 15/19 MP: 1/7
   935 | D:2      | Found a viscous altar of Jiyva.
  1521 | D:2      | Became a worshipper of Jiyva Jodiulog the Shapeless
  1576 | D:2      | Noticed Terence
  1878 | D:2      | Reached XP level 4. HP: 15/24 MP: 1/9
  1957 | D:2      | HP: 1/24 [poisoned by an adder]
  2261 | D:2      | Killed Terence
  2261 | D:2      | Reached skill level 4 in Conjurations
  2590 | D:3      | Reached XP level 5. HP: 5/28 MP: 2/11
  2609 | D:3      | Acquired Jiyva's first power
  3346 | D:4      | Acquired Jiyva's second power
  3422 | D:4      | Found a staircase to the Ecumenical Temple.
  3422 | D:4      | Noticed Prince Ribbit
  3477 | D:4      | Slain by Prince Ribbit

Action                   |  1- 3 |  4- 6 || total
-------------------------+-------+-------++-------
Melee: Unarmed           |    36 |    21 ||    57
       Quarterstaff      |       |     1 ||     1
 Cast: Flame Tongue      |    67 |    29 ||    96
  Use: Scroll            |     1 |       ||     1
       Potion            |       |     1 ||     1
